 Dungeon Crawl Stone Soup version 0.31.0-4-g52a2dc7128 (webtiles) character file.

Game seed: 8477360609152306078

9 RancidPinata the Sneak (level 2, 0/21 HPs)
             Began as an Octopode Delver on Jan 22, 2024.
             Slain by a phantom (3 damage)
             ... on level 6 of the Dungeon.
             The game lasted 00:00:54 (206 turns).

RancidPinata the Sneak (Octopode Delver)             Turns: 206, Time: 00:00:54

Health: 0/21       AC:  1    Str: 11    XL:     2   Next: 16%
Magic:  2/2        EV: 13    Int: 12    God:
Gold:   0          SH:  0    Dex: 13    Spells: 1/1 levels left

rFire   . . .        a - +0 short sword
rCold   . . .        (no shield)
rNeg    . . .        (helmet restricted)
rPois   .            (no amulet)
rElec   .            (no ring)
rCorr   .            (no ring)
SInv    .            (no ring)
Will    .....        (no ring)
Stlth   ++++         (no ring)
HPRegen 0.23/turn    (no ring)
MPRegen 0.08/turn    (no ring)
                     (no ring)

%: no passive effects
@: no status effects
A: almost no armour, amphibious, 8 rings, camouflage 1, gelatinous body 1,
(nimble swimmer 1), tentacles
a: no special abilities


You were on level 6 of the Dungeon.
You visited 2 branches of the dungeon, and saw 3 of its levels.

Inventory:

Hand Weapons
 a - a +0 short sword (weapon)
Wands
 f - a wand of digging (3)
Scrolls
 b - a scroll of fog
 c - a scroll of revelation
 d - a scroll of fear
 g - a scroll of immolation {unknown}
 i - a scroll of identify {unknown}
Potions
 e - a potion of haste
 h - a potion of heal wounds {unknown}


   Skills:
 + Level 3.1 Fighting
 + Level 2.2 Short Blades
 + Level 2.2 Dodging
 + Level 6.8 Stealth


You had one spell level left.
You didn't know any spells.
Your spell library was empty.

Dungeon Overview and Level Annotations

Branches:
Dungeon (6/15)             Temple (1/1) D:6

Altars:
Ashenzari
Dithmenos
Gozag
Kikubaaqudgha
Makhleb
Nemelex Xobeh
Qazlal
Sif Muna
Uskayaw
Yredelemnul
Zin
The Shining One


Innate Abilities, Weirdness & Mutations

You cannot wear most types of armour.
You are amphibious.
You can wear up to eight rings at the same time.
Your skin changes colour to match your surroundings (Stealth+).
Your rubbery body absorbs attacks. (AC +1, EV +1)
((You are camouflaged when in or above water. (Stealth+)))
You have tentacles for arms and can constrict up to eight enemies at once.


Message History

There is a staircase back to the Dungeon here.
Found a hide-covered altar of Uskayaw.
Found a shadowy altar of Dithmenos and a shimmering blue altar of Sif Muna.
You enter the deep water.
Found a stormy altar of Qazlal.
Found two altars.
Found a sparkling altar of Nemelex Xobeh.
You enter the deep water.
Found a basalt altar of Yredelemnul.
There is a staircase back to the Dungeon here.
You can't go down here!
You climb upwards.
The phantom hits you.
The phantom blinks!
You blink.
You hit the phantom but do no damage. You squeeze the phantom.
The phantom is lightly damaged.
The phantom closely misses you.
You hit the phantom but do no damage.
The phantom is lightly damaged.
The phantom hits you.
You completely miss the phantom.
The phantom is lightly damaged.
The phantom barely misses you.
You hit the phantom.
The phantom is lightly damaged.
The phantom hits you.
You hit the phantom.
The phantom is lightly damaged.
The phantom hits you.
You hit the phantom.
You squeeze the phantom, but do no damage.
The phantom is moderately damaged.
The phantom closely misses you.
You closely miss the phantom.
The phantom is moderately damaged.
The sleepcap closely misses you. The phantom barely misses you.
You closely miss the phantom.
The phantom is moderately damaged.
The sleepcap misses you. The phantom hits you!
* * * LOW HITPOINT WARNING * * *
The sleepcap attacks as it pursues you! The sleepcap releases spores at you.
* * * LOW HITPOINT WARNING * * *
The phantom hits you.
You die...

##....##.......## ... .
#.....##.......####+##.. .5
#............<.............
#.......................... ...
##...................#...###...
#....##.......##..............
.##....##.......##....#...#.S...
......................#.⌠.#.....
................@W..###...###...
.................f..............
.#.....#..#####.##...⌠..>..⌠....
##########...##.##..............
#....#......###...###...
#....#........#.⌠.#.....
#....#........#...#.....
#....+..................
#....#..............####


You could see a phantom and a sleepcap.

Vanquished Creatures
  An adder (D:6)
1 creature vanquished.

Notes
Turn   | Place    | Note
-------+----------+-------------------------------------------
     0 | D:5      | RancidPinata the Octopode Delver began the quest for the
                  | Orb.
     0 | D:5      | Reached XP level 1. HP: 16/16 MP: 1/1
     5 | D:5      | Noticed a lemure
    23 | D:6      | Reached XP level 2. HP: 21/21 MP: 2/2
   145 | D:6      | Noticed a phantom
   158 | D:6      | Found a staircase to the Ecumenical Temple.
   171 | Temple   | Entered the Ecumenical Temple
   206 | D:6      | Slain by a phantom

Illustrated notes

Levels and vault maps discovered:
D:5:      layout_cave_pools, trog_ov_bears_minmay,
          gammafunk_ghost_abyssal_escape, kennysheep_minor_cross,
          uniq_blork_the_orc, uniq_pikel
D:6:      kennysheep_kobold_camp, layout_gridville, general_overflow_altar,
          minmay_temple_entry_junction_2, serial_shops,
          nicolae_shop_behind_doors, chequers_serial_rivers_small_3,
          uniq_grinder
Temple:   hc_temple_tempest_star

Action                     || total
---------------------------++-------
  Melee: Short sword       ||    13
         Tentacles         ||     3
         Constrict         ||     1
 Armour: Skin              ||     7
  Dodge: Dodged            ||    11
